 Dungeon Crawl Stone Soup version 0.25.1-2-g60ff931df9 (webtiles) character file.

Game seed: 17991576786806818978

45 Allula97 the Shield-Bearer (level 3, 0/30 HPs)
             Began as a Formicid Fighter on Nov 12, 2020.
             Succumbed to an adder's poison
             ... on level 2 of the Dungeon.
             The game lasted 00:04:12 (503 turns).

Allula97 the Shield-Bearer (Formicid Fighter)        Turns: 503, Time: 00:04:13

Health: 0/30       AC:  6    Str: 21    XL:     3   Next: 90%
Magic:  3/3        EV:  8    Int:  7    God:
Gold:   33         SH:  9    Dex: 10    Spells: 2/2 levels left

rFire    . . .     SeeInvis +   a - +0 war axe
rCold    . . .     Gourm    .   c - +0 kite shield
rNeg     . . .     Faith    .   b - +0 scale mail
rPois    .         Spirit   .   (helmet unavailable)
rElec    .         Reflect  .   (no cloak)
rCorr    .         Harm     .   (no gloves)
MR       .....                  (no boots)
Stlth    ..........             (no amulet)
HPRegen  0.10/turn              (no ring)
MPRegen  0.08/turn              (no ring)

@: mighty, lethally poisoned (0 -> -2)
A: permanent stasis, dig shafts and tunnels, four strong arms, antennae 3
a: Dig, Shaft Self


You were on level 2 of the Dungeon.
You were full.

You visited 1 branch of the dungeon, and saw 2 of its levels.

You collected 33 gold pieces.

Inventory:

Hand Weapons
 a - a +0 war axe (weapon)
Armour
 b - a +0 scale mail (worn)
 c - a +0 kite shield (worn)
Scrolls
 d - a scroll of remove curse
 h - 2 scrolls of teleportation
Comestibles
 f - a ration
 g - 4 chunks of flesh


   Skills:
 * Level 3.6 Fighting
 * Level 2.4 Axes
 * Level 3.6 Armour
 + Level 0.5 Dodging
 + Level 1.2 Stealth
 * Level 4.1 Shields


You had 2 spell levels left.
You didn't know any spells.
Your spell library was empty.

Dungeon Overview and Level Annotations

Branches:
Dungeon (2/15)

Altars:

Annotations:
D:1 SHATTERO


Innate Abilities, Weirdness & Mutations

You cannot be hasted, slowed, berserked, paralysed or teleported.
You can dig through walls and to a lower floor.
Your four strong arms can wield two-handed weapons with a shield.
You have a pair of large antennae on your head. (SInv)


Message History

You butcher the adder corpse.
Things that are here:
2 chunks of flesh; an adder skeleton
* * * LOW HITPOINT WARNING * * *
You feel sick.
There is a stone staircase leading up here.
* * * LOW HITPOINT WARNING * * *
You feel sick.
Found a scroll labeled PILU XUORUTSE.
You see here a scroll labeled EVAWIUMMEHO.
As you read the scroll labeled HEWADW HOTHUTH, it crumbles to dust.
You feel a strange sense of stasis.
It was a scroll of teleportation.
* * * LOW HITPOINT WARNING * * *
You feel sick.
As you read the scroll labeled EVAWIUMMEHO, it crumbles to dust.
You feel blessed for a moment.
It was a scroll of remove curse.
Okay, then.
d - a scroll of remove curse You eat one of the 2 rations.
That ration really hit the spot!
You die...

#.#.......
#.......?#
#........# #
#.......# ###..
#......# .....#
##......## #....
###...<....####..#
#.....@..(.#.%..#
#.##.......#.###...#
##......<.....###
##.....#######
#......# { ......###
########


There were no monsters in sight!

Vanquished Creatures
  An adder (D:2)
  3 dart slugs (D:1)
  6 bats (D:1)
  2 goblins (D:1)
  3 hobgoblins (D:1)
  4 jackals
  5 kobolds (D:1)
  2 ball pythons (D:1)
  2 frilled lizards
  3 rats
31 creatures vanquished.

Notes
Turn   | Place    | Note
-------+----------+-------------------------------------------
     0 | D:1      | Allula97 the Formicid Fighter began the quest for the Orb.
     0 | D:1      | Reached XP level 1. HP: 18/18 MP: 1/1
     2 | D:1      | Noticed a vine stalker
     2 | D:1      | Noticed a minotaur
     4 | D:1      | Noticed a halfling
     4 | D:1      | Noticed a formicid
     6 | D:1      | Noticed a ghoul
     6 | D:1      | Noticed a demonspawn
     8 | D:1      | Noticed a gargoyle
     8 | D:1      | Noticed a centaur
    10 | D:1      | Noticed a vampire
    10 | D:1      | Noticed a dwarf
    12 | D:1      | Noticed a human
    12 | D:1      | Noticed a tengu
    14 | D:1      | Noticed an octopode
    16 | D:1      | Noticed a merfolk
    22 | D:1      | Noticed a draconian
    24 | D:1      | Noticed a troll
    24 | D:1      | Noticed an elf
    26 | D:1      | Noticed a naga
    26 | D:1      | Noticed a demigod
    29 | D:1      | Noticed an ogre
    31 | D:1      | Noticed a spriggan
    31 | D:1      | Noticed a felid
    47 | D:1      | Reached XP level 2. HP: 18/24 MP: 2/2
   140 | D:1      | Reached XP level 3. HP: 24/29 MP: 3/3
   154 | D:1      | Reached skill level 1 in Stealth
   216 | D:1      | Reached skill level 4 in Shields
   500 | D:2      | HP: 1/30 [poisoned by an adder]
   503 | D:2      | Succumbed to an adder's poison

Illustrated notes

Levels and vault maps discovered:
D:1:      kb_arrival_jail, layout_rooms, serial_forest,
          infiniplex_forest_lined_2, infiniplex_forest_straight_2,
          infiniplex_forest_3_way, infiniplex_forest_clump_tiny,
          infiniplex_forest_lined_2
D:2:      layout_rooms, lemuel_crystal_altar, chequers_ecumenical_altar_island

Skill      XL: |  1  2  3 |
---------------+----------+-----
Stealth        | 1 |  1.2
Shields        | 4 |  4.1
Fighting       | |  3.6
Axes           | |  2.4
Armour         | |  3.6
Dodging        | |  0.5

Action                   || total
-------------------------++-------
Melee: War axe           ||    90
 Abil: Dig               ||     2
  Use: Scroll            ||     2
       Potion            ||     1
  Eat: Ration            ||     1
Armor: Scale mail        ||    49
Dodge: Dodged            ||    50
Block: Kite shield       ||    88
